 Dungeon Crawl Stone Soup version 0.30-a0-726-gd89dcf765f (webtiles) character file.

Game seed: 11656875154039274663

719 bande the Chopper (level 7, -2/44 HPs)
             Began as a Gargoyle Fighter on Jan 29, 2023.
             Was an Initiate of Okawaru.
             Slain by a gnoll
             ... wielding a +0 halberd
              (3 damage)
             ... on level 4 of the Dungeon.
             The game lasted 00:09:09 (5073 turns).

bande the Chopper (Gargoyle Fighter)                Turns: 5073, Time: 00:09:10

Health: -2/44      AC: 21    Str: 19    XL:     7   Next: 70%
Magic:  8/8        EV:  5    Int:  9    God:    Okawaru [......]
Gold:   176        SH:  4    Dex: 11    Spells: 6/6 levels left

rFire   . . .      SeeInvis .    a - +1 war axe (flame)
rCold   . . .      Faith    .    c - +0 buckler
rNeg    + . .      Spirit   .    p - +0 plate armour
rPois   ∞          Reflect  .    (no helmet)
rElec   +          Harm     .    (no cloak)
rCorr   .          Rampage  .    n - +2 pair of gloves
Will    .....                    i - +0 pair of boots Stlth
                                 (no amulet)
HPRegen 0.27/turn                (no ring)
MPRegen 0.11/turn                (no ring)

@: no status effects
A: sickness immunity, AC +4, negative energy resistance 1, electricity
resistance, torment resistance 1, petrification resistance
a: Renounce Religion


You were on level 4 of the Dungeon.
You worshipped Okawaru.
Okawaru was noncommittal.
You visited 2 branches of the dungeon, and saw 6 of its levels.

You collected 176 gold pieces.

Inventory:

Hand Weapons
 a - a +1 war axe of flaming (weapon)
 o - a +0 morningstar
Armour
 c - a +0 buckler (worn)
 i - a +0 pair of boots (worn)
 n - a +2 pair of gloves (worn)
 p - a +0 plate armour (worn)
Wands
 g - a wand of flame (13)
 l - a wand of charming (9)
 m - a wand of iceblast (8)
Scrolls
 b - a scroll of poison {unknown}
 e - a scroll of teleportation
 h - 3 scrolls of identify
 q - a scroll of fear
 r - a scroll of brand weapon
 s - a scroll of fog
Potions
 d - a potion of might
 f - a potion of curing
 j - 2 potions of heal wounds
 k - 2 potions of haste


   Skills:
 + Level 4.5 Fighting
 + Level 5.3 Axes
 + Level 4.7 Armour
 + Level 4.1 Shields
 * Level 1.9 Invocations
 * Level 2.2 Evocations


You had 6 spell levels left.
You didn't know any spells.
Your spell library contained the following spells:

 Spells                   Type           Power      Damage    Failure   Level
 Sting                    Tmut/Pois      0%         1d3       100%        1
 Poisonous Vapours        Pois/Air       0%         N/A       100%        2
 Olgreb's Toxic Radiance  Pois           0%         N/A       100%        4


Dungeon Overview and Level Annotations

Branches:
Dungeon (5/15)             Temple (1/1) D:4

Altars:
Ashenzari
Cheibriados
Dithmenos
Elyvilon
Hepliaklqana
Makhleb
Nemelex Xobeh
Okawaru
Qazlal
Ru
Sif Muna
Trog
Uskayaw
Vehumet
Wu Jian
Xom
Yredelemnul
Zin

Shops:
D:1 =   D:3 =[(?[   D:4 *   D:5 *


Innate Abilities, Weirdness & Mutations

You are immune to sickness and miasma.
Your stone body is resilient. (AC +4)
You are immune to poison.
You resist negative energy. (rN+)
You are resistant to electric shocks. (rElec)
You are resistant to unholy torment.
You are immune to petrification.


Message History

The orc hits you but does no damage. The gnoll hits you but does no damage.
You climb upwards.
There is a stone staircase leading down here.
You barely miss the gnoll. You barely miss the orc.
The gnoll hits you with a +0 halberd. The orc hits you but does no damage.
The gnoll hits you with a +0 halberd!
You closely miss the gnoll. You hit the orc but do no damage.
The orc hits you but does no damage. The gnoll barely misses you.
The orc hits you but does no damage.
You barely miss the gnoll. You hit the orc. You burn the orc.
The gnoll hits you with a +0 halberd. The orc hits you but does no damage.
You are too injured to fight recklessly!
You are too injured to fight recklessly!
You are too injured to fight recklessly!
You are too injured to fight recklessly!
You are too injured to fight recklessly!
You are too injured to fight recklessly!
You are too injured to fight recklessly!
You are too injured to fight recklessly!
You are too injured to fight recklessly!
You are too injured to fight recklessly!
You are too injured to fight recklessly!
You slash the orc! You burn the orc.
You kill the orc!
Okawaru accepts your kill.
You hit the gnoll but do no damage. The gnoll hits you but does no damage.
The gnoll barely misses you.
Things that are here:
a +0 club; a +0 ring mail; an orc corpse You completely miss the gnoll.
The gnoll hits you with a +0 halberd! The gnoll hits you with a +0 halberd.
* * * LOW HITPOINT WARNING * * *
You slash the gnoll! You burn the gnoll.
The gnoll is severely wounded.
The gnoll hits you with a +0 halberd!
* * * LOW HITPOINT WARNING * * *
You barely miss the gnoll.
The gnoll is severely wounded.
The gnoll hits you with a +0 halberd.
You die...

..######.#.......#.####.#..#
## ..# #.#.##.####......#..#
#.
..######.#.##..######.#.#..#
#. ..##............##
#.#.#..# #.
.###....##.####..####.#.#<.#
#. ........##.#
##.##...#.##.# #.
.....#####.#
#.#..###.##.#####.
.........#.#
#g[)####.#........
#....###.#.#
#@>).....######... #....#
#.#.# ########## #... #....#
#.#.# #... .....# #.#.# #...
.#####
#.#.###################...
##
#.#....................... #
#.#####################... #
#.################### #...
#...................# ##.#


You could see a gnoll.

Vanquished Creatures
  An ice beast (D:5)
  A scorpion (D:4)
  A howler monkey (D:5)
  2 orc priests
  2 hounds
  3 iguanas
  2 orc wizards
  7 adders
  9 gnolls
  A shadow imp (D:5)
  2 worms
  2 dart slugs
  17 orcs
  5 endoplasms
  3 giant cockroaches (D:1)
  6 goblins
  7 hobgoblins
  16 jackals
  3 quokkas
  5 ball pythons
  4 bats
  3 frilled lizards
  3 kobolds
  4 rats
109 creatures vanquished.

Vanquished Creatures (others)
  A plant (D:5)
1 creature vanquished.

Grand Total: 110 creatures vanquished

Notes
Turn   | Place    | Note
-------+----------+-------------------------------------------
     0 | D:1      | bande the Gargoyle Fighter began the quest for the Orb.
     0 | D:1      | Reached XP level 1. HP: 14/14 MP: 1/1
   226 | D:1      | Reached XP level 2. HP: 19/19 MP: 2/2
   512 | D:1      | Found Osiasuh's Jewellery Shop.
  1001 | D:2      | Reached XP level 3. HP: 22/24 MP: 3/3
  1197 | D:2      | Found a faded altar of an unknown god.
  1587 | D:2      | Reached skill level 2 in Axes
  1888 | D:3      | Found Loap's Antique Armour Shoppe.
  1892 | D:3      | Reached XP level 4. HP: 29/29 MP: 4/4
  1896 | D:3      | Found Tyuxusoe's Jewellery Shoppe.
  1916 | D:3      | Found Nosis's Weapon Boutique.
  1974 | D:3      | Reached skill level 3 in Axes
  1974 | D:3      | Reached XP level 5. HP: 21/33 MP: 5/5
  2237 | D:3      | Found Wyerchem's Antique Armour Boutique.
  2253 | D:3      | Found Ekheshec's Magic Scroll Emporium.
  2437 | D:3      | Found a sacrificial altar of Ru.
  2811 | D:4      | Reached XP level 6. HP: 19/38 MP: 6/6
  3058 | D:4      | Found a staircase to the Ecumenical Temple.
  3066 | D:4      | Reached skill level 4 in Axes
  3066 | D:4      | Reached skill level 1 in Evocations
  3077 | Temple   | Entered the Ecumenical Temple
  3256 | Temple   | Became a worshipper of Warmaster Okawaru
  3470 | D:4      | Found Ulejoi's General Store.
  3656 | D:5      | Entered Level 5 of the Dungeon
  3702 | D:5      | Found Vaoluof's Lightly-Used Armoury.
  3733 | D:5      | Found a glowing silver altar of Zin.
  3768 | D:5      | Found a snail-covered altar of Cheibriados.
  3880 | D:5      | Reached XP level 7. HP: 44/44 MP: 7/7
  3972 | D:5      | Reached skill level 1 in Invocations
  3977 | D:5      | Reached * piety under Okawaru
  4434 | D:5      | Reached skill level 5 in Axes
  5072 | D:4      | HP: 1/44 [gnoll/+0 halberd (8)]
  5073 | D:4      | Slain by a gnoll

Illustrated notes

Levels and vault maps discovered:
D:1:      dpeg_cavernosity, layout_basic, serial_shops,
          nicolae_shop_competitors_out_of_business
D:2:      layout_basic, basic_ecumenical_altar, roderic_lattice_a
D:3:      layout_loops_ring, mainiacjoe_overflow_alcove_1, serial_shops,
          nicolae_shop_crystal, shop_statue, shop, shop, shop,
          kennysheep_generic_room_2
D:4:      layout_basic, temple_hall, nicolae_take_the_stairs, hex_medium
D:5:      lemuel_castle_with_subvaults [lemuel_castle_interior_carwin_1],
          layout_layer_cave, mainiacjoe_overflow_catwalk_spiral,
          minmay_shop_damaged
Temple:   nicolae_temple_slightly_damp_pantheon

Skill      XL: |  1  2  3  4  5  6  7 |
---------------+----------------------+-----
Axes           | 2 3 4 5 |  5.3
Fighting       | 4 |  4.5
Armour         | 4 |  4.7
Evocations     | 1 2 |  2.2
Shields        | 4 |  4.1
Invocations    | 1 |  1.9

Action                     |  1- 3 |  4- 6 |  7- 9 || total
---------------------------+-------+-------+-------++-------
  Melee: War axe           |    85 |   120 |    90 ||   295
    Use: Scroll            |       |    14 |       ||    14
 Armour: Scale mail        |    39 |    59 |       ||    98
         Plate armour      |       |     5 |    91 ||    96
  Dodge: Dodged            |    47 |    39 |    29 ||   115
  Block: Buckler           |    18 |    25 |    22 ||    65

Table legend: (Time is in decaauts)
 A = Elapsed time spent in this place.
 B = Non-inter-level travel time spent in this place.
 C = Inter-level travel time spent in this place.
 D = Time resting spent in this place.
 E = Time spent auto-exploring this place.
 F = Levels seen in this place.
 G = Mean time per level.
                   A        B        C        D        E       F      G
               +--------+--------+--------+--------+--------+-----+--------+
         Total |   5187 |   5069 |    118 |    707 |   3447 |   6 |  864.5 |
       Dungeon |   4997 |   4879 |    118 |    707 |   3288 |   5 |  999.4 |
        Temple |    189 |    189 |      0 |      0 |    159 |   1 |  189.0 |
               +--------+--------+--------+--------+--------+-----+--------+

Top non-repeatable levels by time:
     D:4: 1497 daAuts
     D:2: 1015 daAuts
     D:1: 905 daAuts
     D:5: 858 daAuts
     D:3: 721 daAuts
  Temple: 189 daAuts
